[Event "Caplin Hastings Masters 2023-24"]
[Site "Hastings"]
[Date "2023.12.31"]
[Round "4.18"]
[White "Waldhausen Gordon, Frederick"]
[Black "Sivanandan, Bodhana"]
[Result "1-0"]
[ECO "D46"]
[WhiteElo "2338"]
[BlackElo "1857"]
[Annotator "RC"]
[PlyCount "155"]
[EventDate "2023.12.18"]
[EventType "swiss"]
[EventCountry "ENG"]
[SourceTitle "playchess.com"]
[Source "ChessBase"]
[SourceQuality "1"]
[TimeControl "40/6000+30:3000+30"]

1. d4 d5 2. c4 c6 3. Nc3 Nf6 4. Nf3 e6 5. e3 Nbd7 6. Bd3 dxc4 7. Bxc4 b5 8. Bd3 Bd6 9. O-O O-O 10. Qc2 Bb7 11. h3 h6 12. e4 e5 13. Rd1 Qc7 14. Be3 a6 15. dxe5 Nxe5 16. Nxe5 Bxe5 17. Bc5 Rfe8 18. a4 Rad8 19. Ne2 Rd7 20. f3 Nh5 21. a5 Qd8 22. Bf2 Qf6 23. Rab1 Nf4 24. Nxf4 Qxf4 25. Kf1 Red8 26. Be2 Rd2 27. g3 Rxd1+ 28. Rxd1 Qf6 29. f4 Bc7 30. Rxd8+ Qxd8 31. b4 Bc8 32. Kg2 Qe8 33. e5 Bd7 34. Bb6 Bb8 35. Qd2 Be6 36. Bf3 Qd7 37. Qxd7 Bxd7 38. Bc5 g5 39. fxg5 hxg5 40. Bd4 Bc7 41. Be4 Bd8 42. Bc5 Bc7 43. Bd6 Bxd6 44. exd6 f5 45. Bc2 Kf7 46. Bb3+ Kf6 47. h4 gxh4 48. gxh4 Be8 49. Kg3 Ke5 50. Bf7 f4+ 51. Kf3 Bd7 52. h5 Kxd6 53. h6 Bf5 54. Kxf4 Bh7 55. Kg5 Ke5 56. Bg6 Bg8 57. Bb1 Kd4 58. Kg6 c5 59. Kg7 Bb3 60. bxc5 Kxc5 61. h7 Kb4 62. h8=Q Kxa5 63. Qd8+ Ka4 64. Qb6 a5 65. Bd3 Bc4 66. Bxc4 bxc4 67. Qb2 c3 68. Qxc3 Kb5 69. Qb3+ Ka6 70. Kf6 Ka7 71. Qb5 Ka8 72. Qxa5+ Kb7 73. Qc5 Ka8 74. Qb5 Ka7 75. Ke7 Ka8 76. Kd6 Ka7 77. Kc7 Ka8 78. Qb8# 1-0

[Event "Caplin Hastings Masters 2023-24"]
[Site "Hastings"]
[Date "2023.12.31"]
[Round "4.19"]
[White "Lishoy Gengis Paratazham, Dildarav"]
[Black "Vestby-Ellingsen, Mads"]
[Result "0-1"]
[ECO "B70"]
[WhiteElo "1743"]
[BlackElo "2329"]
[Annotator "RC"]
[PlyCount "108"]
[EventDate "2023.12.18"]
[EventType "swiss"]
[EventCountry "ENG"]
[SourceTitle "playchess.com"]
[Source "ChessBase"]
[SourceQuality "1"]
[TimeControl "40/6000+30:3000+30"]

1. e4 c5 2. Nf3 d6 3. Nc3 Nf6 4. d4 cxd4 5. Nxd4 Nc6 6. g3 g6 7. Bg2 Nxd4 8. Qxd4 Bg7 9. O-O O-O 10. Qd3 Rb8 11. h3 Be6 12. Be3 a6 13. Qd2 Re8 14. Bh6 Bh8 15. Nd5 b5 16. Bg5 Nxd5 17. exd5 Bd7 18. c3 b4 19. c4 Qc8 20. Rac1 Bxh3 21. Bf4 Bxg2 22. Kxg2 Rb7 23. Rfe1 b3 24. a3 Rc7 25. Qe2 e5 26. Be3 Qb7 27. Red1 Bg7 28. Kg1 Rd7 29. Bd2 Rc8 30. Ba5 Bf6 31. Qf3 Bd8 32. Bd2 a5 33. Qe2 a4 34. Bb4 Qa6 35. f4 Bf6 36. Kg2 exf4 37. gxf4 Re7 38. Qf2 Rxc4 39. Qf1 Rc2+ 40. Rd2 Qxf1+ 41. Rxf1 Rxd2+ 42. Bxd2 Re2+ 43. Rf2 Rxf2+ 44. Kxf2 Bxb2 45. Ke2 Bxa3 46. Kd3 h5 47. Be1 Bc1 48. Kc3 Bxf4 49. Kb2 g5 50. Ka3 h4 51. Kb2 h3 52. Bb4 h2 53. Bc3 h1=Q 54. Bd4 Qc1# 0-1

[Event "Caplin Hastings Masters 2023-24"]
[Site "Hastings"]
[Date "2023.12.31"]
[Round "4.20"]
[White "Han, Qixiang"]
[Black "Lux, Hugo de Melo"]
[Result "0-1"]
[ECO "D26"]
[WhiteElo "1711"]
[BlackElo "2311"]
[Annotator "RC"]
[PlyCount "126"]
[EventDate "2023.12.18"]
[EventType "swiss"]
[EventCountry "ENG"]
[SourceTitle "playchess.com"]
[Source "ChessBase"]
[SourceQuality "1"]
[TimeControl "40/6000+30:3000+30"]

1. d4 d5 2. c4 dxc4 3. Nf3 Nf6 4. e3 a6 5. Bxc4 e6 6. O-O Nbd7 7. Nc3 b5 8. Bd3 Bb7 9. a3 c5 10. Re1 Be7 11. Bc2 O-O 12. Qe2 cxd4 13. exd4 Nb6 14. Bb3 Rc8 15. Bg5 Nc4 16. Bxc4 bxc4 17. Rad1 h6 18. Bh4 Nd5 19. Bxe7 Qxe7 20. Nxd5 Bxd5 21. Ne5 Qb7 22. f3 Rc7 23. Rc1 Rb8 24. Rc2 Qb3 25. Rec1 Rbc8 26. Rc3 Qb6 27. Qf2 f6 28. Ng6 Qd6 29. Qg3 Qb6 30. Qf2 Rb8 31. R1c2 Qd6 32. Qg3 Qxg3 33. hxg3 Rcb7 34. Nf4 Rxb2 35. Ne2 Rxc2 36. Rxc2 Rb3 37. Rc3 Rb2 38. Kf2 g5 39. g4 Kf7 40. g3 Ke7 41. Ke3 Kd6 42. Ng1 Kc6 43. Nh3 Rb3 44. Kd2 Kb5 45. Nf2 Bxf3 46. Kc2 Bd5 47. Nd1 f5 48. gxf5 exf5 49. Ne3 Be4+ 50. Kd2 Rb2+ 51. Kc1 Rb1+ 52. Kd2 Bd3 53. d5 Rb2+ 54. Kc1 Rb1+ 55. Kd2 f4 56. gxf4 gxf4 57. Ng4 Rb2+ 58. Kc1 Re2 59. a4+ Kb4 60. Rxd3 cxd3 61. d6 Kc3 62. Kd1 Rg2 63. d7 Rg1# 0-1

[Event "Caplin Hastings Masters 2023-24"]
[Site "Hastings"]
[Date "2023.12.31"]
[Round "4.21"]
[White "Rudd, Jack"]
[Black "Banerjee, Supratit"]
[Result "1/2-1/2"]
[ECO "D36"]
[WhiteElo "2314"]
[BlackElo "1974"]
[Annotator "RC"]
[PlyCount "131"]
[EventDate "2023.12.18"]
[EventType "swiss"]
[EventCountry "ENG"]
[SourceTitle "playchess.com"]
[Source "ChessBase"]
[SourceQuality "1"]
[TimeControl "40/6000+30:3000+30"]

1. d4 d5 2. c4 e6 3. Nc3 Be7 4. Nf3 Nf6 5. cxd5 exd5 6. Bg5 c6 7. Qc2 O-O 8. e3 Nbd7 9. Bd3 Re8 10. O-O Nf8 11. Bxf6 Bxf6 12. b4 Bg4 13. Nd2 Qd6 14. Rab1 Rac8 15. Bf5 Bxf5 16. Qxf5 Qe6 17. Qf3 Ng6 18. g3 Ne7 19. Nb3 b6 20. Rfc1 Red8 21. Ne2 Qd6 22. a3 g6 23. Nf4 Bg7 24. Nd3 Nf5 25. Rc2 Qd7 26. Rbc1 Nd6 27. Ne5 Bxe5 28. dxe5 Nc4 29. Qf6 Qe6 30. Qxe6 fxe6 31. f4 Rc7 32. Nd4 Kf7 33. Kf2 Rdc8 34. a4 a6 35. e4 c5 36. Nxe6 Kxe6 37. exd5+ Kxd5 38. Rxc4 g5 39. Ke3 Rc6 40. bxc5 bxc5 41. R4c2 gxf4+ 42. gxf4 Rb6 43. Rd1+ Ke6 44. Rc4 Kf5 45. Rd3 Rh6 46. h4 Rxh4 47. Rd6 Rh3+ 48. Kf2 Rb8 49. Kg2 Ra3 50. Rf6+ Kg4 51. f5+ Kg5 52. Rc2 Rxa4 53. Rf7 Rg4+ 54. Kf2 Rf4+ 55. Ke2 Rxf5 56. Re7 Rf4 57. Rxc5 Rb5 58. Rxb5 axb5 59. Ke3 Rc4 60. Rf7 Kg6 61. Rf6+ Kg7 62. Kd3 h5 63. Rb6 Rb4 64. Kc3 Rc4+ 65. Kd3 Rb4 66. Kc3 1/2-1/2

[Event "Caplin Hastings Masters 2023-24"]
[Site "Hastings"]
[Date "2023.12.31"]
[Round "4.22"]
[White "Bozinakis, Pavlos"]
[Black "Fryer, David W"]
[Result "1-0"]
[ECO "C30"]
[WhiteElo "2274"]
[BlackElo "1914"]
[Annotator "RC"]
[PlyCount "61"]
[EventDate "2023.12.18"]
[EventType "swiss"]
[EventCountry "ENG"]
[SourceTitle "playchess.com"]
[Source "ChessBase"]
[SourceQuality "1"]
[TimeControl "40/6000+30:3000+30"]

1. e4 d6 2. Nc3 Nf6 3. f4 e5 4. Nf3 Nbd7 5. Bc4 Be7 6. d3 c6 7. O-O b5 8. Bb3 exf4 9. Ng5 O-O 10. Bxf4 Nc5 11. Bxf7+ Rxf7 12. Nxf7 Kxf7 13. d4 Ncxe4 14. Nxe4 Nxe4 15. Bxd6+ Kg8 16. Bxe7 Qxe7 17. Qe2 Bb7 18. Rae1 c5 19. Qxb5 Rd8 20. Qb3+ c4 21. Qxc4+ Bd5 22. Qd3 Qe6 23. c4 Ba8 24. d5 Qb6+ 25. Qe3 Qxe3+ 26. Rxe3 Nd6 27. b3 Re8 28. Rxe8+ Nxe8 29. Kf2 Kf7 30. Ke3+ Ke7 31. Kd4 1-0

[Event "Caplin Hastings Masters 2023-24"]
[Site "Hastings"]
[Date "2023.12.31"]
[Round "4.23"]
[White "Norinkeviciute, Rasa"]
[Black "Beaumont, Chris R"]
[Result "0-1"]
[ECO "A38"]
[WhiteElo "1905"]
[BlackElo "2236"]
[Annotator "RC"]
[PlyCount "128"]
[EventDate "2023.12.18"]
[EventType "swiss"]
[EventCountry "ENG"]
[SourceTitle "playchess.com"]
[Source "ChessBase"]
[SourceQuality "1"]
[TimeControl "40/6000+30:3000+30"]

1. c4 g6 2. g3 Bg7 3. Bg2 c5 4. Nc3 Nc6 5. Nf3 Nf6 6. e4 O-O 7. O-O d6 8. h3 Rb8 9. d4 cxd4 10. Nxd4 Nxe4 11. Nxe4 Nxd4 12. Be3 Nc6 13. Qe2 b6 14. Rad1 Bb7 15. f4 Qc8 16. Rc1 Nd4 17. Qd2 Nf5 18. Bf2 h5 19. b3 Bc6 20. Rfe1 Qb7 21. Kh2 Rbd8 22. Qe2 d5 23. cxd5 Bxd5 24. Bh1 e6 25. g4 hxg4 26. hxg4 Nd6 27. Ng5 Bxh1 28. Rxh1 Qe7 29. Qe3 e5 30. Qh3 Rfe8 31. Rhe1 Qf6 32. Nh7 Qxf4+ 33. Bg3 Qd2+ 34. Kh1 Ne4 35. Bh4 g5 36. Rcd1 Qf4 37. Rxd8 Rxd8 38. Rf1 Qd2 39. Qf3 Kxh7 40. Qxe4+ Kg8 41. Be1 Qd5 42. Qxd5 Rxd5 43. Kg2 Rd4 44. Kg3 Rf4 45. Rh1 e4 46. Bd2 Rf3+ 47. Kg2 f6 48. Re1 Rd3 49. Bb4 Bf8 50. Rxe4 Bxb4 51. Rxb4 Rd2+ 52. Kf3 Rxa2 53. Rd4 Kf7 54. Ke4 Ke6 55. Rd8 Re2+ 56. Kd3 Rg2 57. Re8+ Kd5 58. Rf8 Rg3+ 59. Kc2 Rf3 60. Kd2 Kc5 61. Rf7 a5 62. Ke2 Rf4 63. Kd3 Kb4 64. Kc2 b5 0-1

[Event "Caplin Hastings Masters 2023-24"]
[Site "Hastings"]
[Date "2023.12.31"]
[Round "4.24"]
[White "Teh, Wee Zhun"]
[Black "Byron, Alan M"]
[Result "1/2-1/2"]
[ECO "D00"]
[WhiteElo "1858"]
[BlackElo "2134"]
[Annotator "RC"]
[PlyCount "81"]
[EventDate "2023.12.18"]
[EventType "swiss"]
[EventCountry "ENG"]
[SourceTitle "playchess.com"]
[Source "ChessBase"]
[SourceQuality "1"]
[TimeControl "40/6000+30:3000+30"]

1. d4 Nf6 2. Nc3 d5 3. Bf4 e6 4. Nb5 Na6 5. e3 c6 6. Nc3 Nb8 7. a3 Bd6 8. Nf3 Qc7 9. Bxd6 Qxd6 10. Ne5 b6 11. Bd3 Ba6 12. Bxa6 Nxa6 13. O-O O-O 14. Qd3 Nc7 15. f4 Nd7 16. Rf3 f5 17. g4 Nxe5 18. fxe5 Qd7 19. Raf1 g6 20. g5 Qe7 21. Rg3 c5 22. Ne2 Qd7 23. c3 Qb5 24. Qd2 Rf7 25. Nf4 Rg7 26. h4 Kf7 27. Rf2 Rag8 28. Rfg2 Na6 29. h5 Ke7 30. hxg6 hxg6 31. Rh3 Nb8 32. Rgh2 Nd7 33. Rh7 Nf8 34. R7h6 Qb3 35. Kf2 Kf7 36. Ke2 Nd7 37. R6h4 Nb8 38. Kf3 Nc6 39. Kg3 Qb5 40. Rh1 Na5 41. R4h2 1/2-1/2

[Event "Caplin Hastings Masters 2023-24"]
[Site "Hastings"]
[Date "2023.12.31"]
[Round "4.25"]
[White "Verbytski, Oleg"]
[Black "Southcott-Moyers, Indy"]
[Result "1/2-1/2"]
[ECO "A35"]
[WhiteElo "1771"]
[BlackElo "2123"]
[Annotator "RC"]
[PlyCount "63"]
[EventDate "2023.12.18"]
[EventType "swiss"]
[EventCountry "ENG"]
[SourceTitle "playchess.com"]
[Source "ChessBase"]
[SourceQuality "1"]
[TimeControl "40/6000+30:3000+30"]

1. e4 c6 2. d4 d5 3. exd5 cxd5 4. c4 Nf6 5. Nc3 Nc6 6. Nf3 g6 7. cxd5 Nxd5 8. Bc4 e6 9. Bxd5 exd5 10. O-O Be6 11. Bg5 Be7 12. Bxe7 Qxe7 13. Re1 Qd7 14. Qd2 O-O 15. Rac1 f6 16. Re3 Rfe8 17. Rce1 Bf7 18. h3 Kg7 19. b3 Rac8 20. Rxe8 Rxe8 21. Rxe8 Qxe8 22. Qe3 Qxe3 23. fxe3 Kf8 24. Kf2 Ke7 25. Ne1 Kd6 26. Nd3 b6 27. Nf4 g5 28. Nd3 Bg6 29. Ke2 h5 30. g3 Bxd3+ 31. Kxd3 f5 32. h4 1/2-1/2

[Event "Caplin Hastings Masters 2023-24"]
[Site "Hastings"]
[Date "2023.12.31"]
[Round "4.26"]
[White "Evenshaug, Amadeus Hestvik"]
[Black "Ahn, Sungmin"]
[Result "0-1"]
[ECO "C11"]
[WhiteElo "2041"]
[BlackElo "1836"]
[Annotator "RC"]
[PlyCount "88"]
[EventDate "2023.12.18"]
[EventType "swiss"]
[EventCountry "ENG"]
[SourceTitle "playchess.com"]
[Source "ChessBase"]
[SourceQuality "1"]
[TimeControl "40/6000+30:3000+30"]

1. e4 e6 2. d4 d5 3. Nc3 Nf6 4. e5 Nfd7 5. f4 c5 6. Nf3 Nc6 7. Be3 Be7 8. Qd2 O-O 9. O-O-O c4 10. h4 b5 11. Ne2 b4 12. b3 c3 13. Qe1 a5 14. Kb1 a4 15. Nc1 axb3 16. cxb3 Qa5 17. Qf2 Ba6 18. Qc2 Rfc8 19. g4 Na7 20. Bd3 Bxd3 21. Nxd3 Nb5 22. Bc1 Qd8 23. Rh2 Ra7 24. Nc5 Bxc5 25. dxc5 Rxc5 26. Ng5 Nf8 27. f5 d4 28. f6 gxf6 29. exf6 Rd7 30. Rd3 Re5 31. Nf3 Re3 32. a4 bxa3 33. Rxe3 dxe3 34. Ka2 Qxf6 35. Ng5 Qf4 36. Re2 Nd4 37. Bxe3 Qxe3 38. Rxe3 Nxc2 39. Rxc3 Rd2 40. Ne4 Rg2 41. Nf6+ Kg7 42. Nh5+ Kh6 43. Ng3 Ne3+ 44. Kxa3 Rxg3 0-1

[Event "Caplin Hastings Masters 2023-24"]
[Site "Hastings"]
[Date "2023.12.31"]
[Round "4.27"]
[White "Alcindor, Samuel"]
[Black "Lahlum, Hans Olav"]
[Result "1/2-1/2"]
[ECO "C00"]
[WhiteElo "1714"]
[BlackElo "2037"]
[Annotator "RC"]
[PlyCount "93"]
[EventDate "2023.12.18"]
[EventType "swiss"]
[EventCountry "ENG"]
[SourceTitle "playchess.com"]
[Source "ChessBase"]
[SourceQuality "1"]
[TimeControl "40/6000+30:3000+30"]

1. c4 e6 2. e4 d5 3. cxd5 exd5 4. exd5 Nf6 5. Bb5+ Nbd7 6. Nc3 Be7 7. Nf3 O-O 8. d4 Nb6 9. O-O Nbxd5 10. Re1 c6 11. Bc4 Bg4 12. h3 Bh5 13. Bg5 Nb6 14. Bb3 Re8 15. g4 Bg6 16. Ne5 Nfd5 17. Bxe7 Rxe7 18. Qf3 Re6 19. Nxg6 Rxg6 20. Nxd5 cxd5 21. Rac1 h5 22. Bc2 hxg4 23. hxg4 Rh6 24. Kg2 Rc8 25. Bd3 Rcc6 26. Bb5 Rxc1 27. Rxc1 Re6 28. Rh1 Qg5 29. Rh5 Qe7 30. Qh3 Rh6 31. Rxh6 gxh6 32. Bd3 Kg7 33. Qf3 Qe6 34. b3 Qf6 35. Qxf6+ Kxf6 36. Kg3 Nc8 37. Kh4 Ne7 38. Kh5 Kg7 39. Be2 Nc6 40. Bf3 Nxd4 41. Bxd5 b5 42. a3 a5 43. g5 hxg5 44. Kxg5 a4 45. bxa4 bxa4 46. Be4 f6+ 47. Kf4 1/2-1/2

[Event "Caplin Hastings Masters 2023-24"]
[Site "Hastings"]
[Date "2023.12.31"]
[Round "4.28"]
[White "Nainika, Gupta"]
[Black "Hng, Mei-Xian Eunice"]
[Result "0-1"]
[ECO "B22"]
[WhiteElo "1543"]
[BlackElo "2014"]
[Annotator "NA RC"]
[PlyCount "40"]
[EventDate "2023.12.18"]
[EventType "swiss"]
[EventCountry "ENG"]
[SourceTitle "playchess.com"]
[Source "ChessBase"]
[SourceQuality "1"]
[TimeControl "40/6000+30:3000+30"]

1. e4 c5 2. d4 cxd4 3. c3 Nf6 4. e5 Nd5 5. Qxd4 e6 6. Bd3 Qc7 7. f4 Nc6 8. Qe4 g5 9. fxg5 Nxe5 10. Be2 b5 11. Bxb5 Bd6 12. Nf3 Nxf3+ 13. Qxf3 Bb7 14. Rf1 Rf8 15. Qh3 Bxh2 16. Qxh7 a6 17. Ba4 Qg3+ 18. Kd1 Qg4+ 19. Rf3 Qxa4+ 20. b3 Nxc3+ 0-1

[Event "Caplin Hastings Masters 2023-24"]
[Site "Hastings"]
[Date "2023.12.31"]
[Round "4.29"]
[White "Kovalskyi, Roman"]
[Black "Vasiliadis, Theodoros"]
[Result "0-1"]
[ECO "B33"]
[WhiteElo "2009"]
[BlackElo "1845"]
[Annotator "RC"]
[PlyCount "82"]
[EventDate "2023.12.18"]
[EventType "swiss"]
[EventCountry "ENG"]
[SourceTitle "playchess.com"]
[Source "ChessBase"]
[SourceQuality "1"]
[TimeControl "40/6000+30:3000+30"]

1. e4 c5 2. Nf3 Nc6 3. d4 cxd4 4. Nxd4 Nf6 5. Nc3 e5 6. Ndb5 d6 7. Nd5 Nxd5 8. exd5 Ne7 9. c4 Nf5 10. Bd3 Be7 11. O-O O-O 12. b3 a6 13. Nc3 Nd4 14. Be3 f5 15. f4 Bd7 16. Qd2 Rc8 17. Rad1 Qe8 18. Rfe1 Qf7 19. Bf1 Bh4 20. Bf2 Bf6 21. Bxd4 exd4 22. Ne2 Rfe8 23. Nxd4 Re4 24. Nf3 Bd8 25. Bd3 Bb6+ 26. Kf1 Rce8 27. Bxe4 fxe4 28. Ng5 Qh5 29. h3 Bg4 30. Ne6 e3 31. Qb2 Rxe6 32. dxe6 Bxd1 33. a3 e2+ 34. Rxe2 Qc5 35. Ke1 Qg1+ 36. Kd2 Bxe2 37. e7 Qe3+ 38. Ke1 Bxc4+ 39. Kd1 Bxb3+ 40. Qxb3+ Qxb3+ 41. Kd2 Kf7 0-1

[Event "Caplin Hastings Masters 2023-24"]
[Site "Hastings"]
[Date "2023.12.31"]
[Round "4.30"]
[White "Ismail, Mohammed Aayan"]
[Black "Blades, Kit"]
[Result "1/2-1/2"]
[ECO "E05"]
[WhiteElo "2115"]
[BlackElo "1771"]
[Annotator "RC"]
[PlyCount "124"]
[EventDate "2023.12.18"]
[EventType "swiss"]
[EventCountry "ENG"]
[SourceTitle "playchess.com"]
[Source "ChessBase"]
[SourceQuality "1"]
[TimeControl "40/6000+30:3000+30"]

1. c4 e6 2. g3 Nf6 3. Bg2 d5 4. d4 Be7 5. Nf3 O-O 6. O-O dxc4 7. Qa4 a6 8. Qxc4 b5 9. Qc2 Bb7 10. Nbd2 Nbd7 11. b3 c5 12. a4 Qb6 13. Ba3 Rac8 14. Qd3 Rfe8 15. Rfc1 Bf8 16. a5 Qa7 17. Bb2 Red8 18. e3 Qa8 19. Qe2 cxd4 20. exd4 Bb4 21. Rxc8 Rxc8 22. Nf1 Be4 23. Ne3 Bc3 24. Ne1 Bxg2 25. N1xg2 Bxb2 26. Qxb2 Qc6 27. Rd1 Qc3 28. Qa3 h5 29. h4 Ne4 30. d5 Ne5 31. Qa2 Nf3+ 32. Kh1 Qc2 33. Qxc2 Rxc2 34. Ne1 Rxf2 35. Nxf3 Rxf3 36. Re1 Rxg3 37. Kh2 Rg6 38. Rd1 exd5 39. Rxd5 Nf2 40. Nf5 Ng4+ 41. Kh3 Re6 42. Rd8+ Kh7 43. Rd6 Nf2+ 44. Kg2 Ne4 45. Rb6 Nc5 46. Nd4 Re3 47. b4 Ne6 48. Nc6 Nc7 49. Rb7 Nd5 50. Rd7 Re6 51. Nd8 Rg6+ 52. Kf3 Nxb4 53. Nxf7 Rf6+ 54. Ke4 Nc6 55. Ng5+ Kg6 56. Kd5 Nxa5 57. Ne6 Kf5 58. Nxg7+ Kg4 59. Ke5 Rf1 60. Rd4+ Kh3 61. Rd3+ Kg4 62. Rd4+ Kh3 1/2-1/2

[Event "Caplin Hastings Masters 2023-24"]
[Site "Hastings"]
[Date "2023.12.31"]
[Round "4.31"]
[White "Suez-Panama, Gilles"]
[Black "Walker, Martin G"]
[Result "1-0"]
[ECO "D85"]
[WhiteElo "1868"]
[BlackElo "2090"]
[Annotator "NA RC"]
[PlyCount "45"]
[EventDate "2023.12.18"]
[EventType "swiss"]
[EventCountry "ENG"]
[SourceTitle "playchess.com"]
[Source "ChessBase"]
[SourceQuality "1"]
[TimeControl "40/6000+30:3000+30"]

1. d4 Nf6 2. Nf3 g6 3. c4 Bg7 4. Nc3 d5 5. cxd5 Nxd5 6. e4 Nxc3 7. bxc3 c5 8. Rb1 O-O 9. Be2 cxd4 10. cxd4 Qa5+ 11. Bd2 Qxa2 12. O-O Bg4 13. Be3 Nc6 14. d5 Ne5 15. Rxb7 e6 16. Re1 Bxf3 17. gxf3 exd5 18. f4 Nc6 19. exd5 Rfd8 20. Bf3 Na5 21. Rc7 Nc4 22. d6 Rab8 23. Qd5 1-0

[Event "Caplin Hastings Masters 2023-24"]
[Site "Hastings"]
[Date "2023.12.31"]
[Round "4.32"]
[White "Gimenez Menchon, Cesar"]
[Black "Ortiz Sanchez, Luis"]
[Result "1-0"]
[ECO "B22"]
[WhiteElo "2088"]
[BlackElo "1863"]
[Annotator "RC"]
[PlyCount "199"]
[EventDate "2023.12.18"]
[EventType "swiss"]
[EventCountry "ENG"]
[SourceTitle "playchess.com"]
[Source "ChessBase"]
[SourceQuality "1"]
[TimeControl "40/6000+30:3000+30"]

1. e4 c5 2. c3 Nf6 3. e5 Nd5 4. Nf3 d6 5. Bb5+ Bd7 6. Bc4 e6 7. d4 Bc6 8. O-O Nd7 9. Bb3 cxd4 10. exd6 d3 11. Bxd5 Bxd5 12. Bf4 Nb6 13. Na3 Bxd6 14. Bxd6 Qxd6 15. Qxd3 Qf4 16. Qd4 Qxd4 17. Nxd4 O-O-O 18. Rfe1 Rhe8 19. f4 Nc4 20. Nxc4 Bxc4 21. Re5 Rd5 22. Rae1 Red8 23. a4 Rxe5 24. Rxe5 Rd5 25. Rxd5 Bxd5 26. Nb5 Kd7 27. Nxa7 Bb3 28. a5 Bc4 29. b4 Kc7 30. b5 f6 31. Kf2 Kd6 32. Ke3 Kc5 33. b6 Bd5 34. g3 Bg2 35. Nc8 Bh1 36. Kd3 Bg2 37. h4 h6 38. Na7 Bf1+ 39. Ke3 Bg2 40. Nc8 Bh1 41. Kd3 Bg2 42. Ne7 Bf1+ 43. Ke3 Bg2 44. g4 Bh3 45. Kf3 Kb5 46. f5 exf5 47. Nxf5 h5 48. Nd4+ Kxa5 49. gxh5 Kxb6 50. Kf4 Kc5 51. Nf5 Bxf5 52. Kxf5 Kc4 53. Kg6 f5 54. Kxf5 Kxc3 55. Kg6 b5 56. Kxg7 b4 57. h6 b3 58. h7 b2 59. h8=Q b1=Q 60. Qc8+ Kd2 61. Qd7+ Ke3 62. Qe6+ Kf4 63. h5 Qb7+ 64. Kh6 Qb8 65. Qf6+ Ke4 66. Kh7 Ke3 67. h6 Ke2 68. Kg7 Kd1 69. h7 Qc7+ 70. Kg8 Qc8+ 71. Kf7 Qd7+ 72. Qe7 Qf5+ 73. Ke8 Qh5+ 74. Kd8 Qa5+ 75. Kc8 Qa8+ 76. Kd7 Qa4+ 77. Kd8 Qa8+ 78. Kc7 Qa7+ 79. Kd6 Qb6+ 80. Ke5 Qe3+ 81. Kf6 Qh6+ 82. Kf5 Qh5+ 83. Ke6 Qg4+ 84. Kf7 Qf5+ 85. Kg7 Qg4+ 86. Kf8 Qf5+ 87. Ke8 Qh5+ 88. Kd8 Qa5+ 89. Qc7 Qa8+ 90. Kd7 Qa4+ 91. Kd6 Qd4+ 92. Kc6 Qc4+ 93. Kb7 Qb5+ 94. Kc8 Qa6+ 95. Kd7 Qb5+ 96. Kd8 Qg5+ 97. Kc8 Qg2 98. Qd6+ Kc2 99. h8=Q Qa8+ 100. Qb8 1-0

[Event "Caplin Hastings Masters 2023-24"]
[Site "Hastings"]
[Date "2023.12.31"]
[Round "4.33"]
[White "Rayner, Francis"]
[Black "Boggarapu, Kritan"]
[Result "1-0"]
[ECO "D43"]
[WhiteElo "2035"]
[BlackElo "1857"]
[Annotator "RC"]
[PlyCount "147"]
[EventDate "2023.12.18"]
[EventType "swiss"]
[EventCountry "ENG"]
[SourceTitle "playchess.com"]
[Source "ChessBase"]
[SourceQuality "1"]
[TimeControl "40/6000+30:3000+30"]

1. c4 c6 2. Nf3 d5 3. d4 Nf6 4. Nc3 e6 5. Bg5 h6 6. Bxf6 Qxf6 7. e3 Nd7 8. Bd3 dxc4 9. Bxc4 b5 10. Bd3 Bb7 11. O-O Rc8 12. Rc1 a6 13. Ne4 Qd8 14. a4 Be7 15. Qd2 O-O 16. Nc5 Nxc5 17. dxc5 Bf6 18. Rfd1 Qc7 19. a5 Rcd8 20. b4 Bc8 21. Qc2 g6 22. Rd2 Bg7 23. Rcd1 f5 24. e4 Bf6 25. Re1 Kh8 26. e5 Bg7 27. Qc3 Rd5 28. Bc2 Rxd2 29. Nxd2 Rd8 30. Nf3 g5 31. h3 Qe7 32. g3 Rd7 33. Nd4 Rc7 34. Bb3 Bd7 35. Qe3 Rc8 36. Kh2 Rf8 37. f4 gxf4 38. gxf4 h5 39. Rg1 Bh6 40. Qg3 Qf7 41. Qh4 Kh7 42. Nf3 Be8 43. Ng5+ Bxg5 44. Qxg5 Bd7 45. Bd1 Rg8 46. Qxg8+ Qxg8 47. Rxg8 Kxg8 48. Bxh5 Kh8 49. Kg3 Kg7 50. Kh4 Kh6 51. Bf3 Be8 52. Kg3 Bd7 53. Bd1 Be8 54. Bb3 Bd7 55. Kh4 Bc8 56. Bd1 Bd7 57. Bh5 Kh7 58. Kg5 Kg7 59. Bg6 Bc8 60. h4 Bd7 61. h5 Bc8 62. h6+ Kg8 63. Kf6 Bd7 64. Ke7 Bc8 65. Kd8 Bb7 66. Kc7 Ba8 67. Kb8 Kf8 68. Kxa8 Kg8 69. Kb7 Kf8 70. Kxc6 Kg8 71. Kd7 Kf8 72. c6 Kg8 73. c7 Kf8 74. c8=Q# 1-0

[Event "Caplin Hastings Masters 2023-24"]
[Site "Hastings"]
[Date "2023.12.31"]
[Round "4.34"]
[White "Patel, Zain"]
[Black "Liu, Tianyi"]
[Result "1/2-1/2"]
[ECO "D85"]
[WhiteElo "1841"]
[BlackElo "2022"]
[Annotator "RC"]
[PlyCount "179"]
[EventDate "2023.12.18"]
[EventType "swiss"]
[EventCountry "ENG"]
[SourceTitle "playchess.com"]
[Source "ChessBase"]
[SourceQuality "1"]
[TimeControl "40/6000+30:3000+30"]

1. d4 Nf6 2. c4 g6 3. Nc3 d5 4. cxd5 Nxd5 5. Bd2 Bg7 6. e4 Nb6 7. Be3 O-O 8. Bb5 c6 9. Be2 f5 10. Qb3+ Kh8 11. Nf3 f4 12. Bd2 Qd6 13. Rd1 Be6 14. Qc2 Na6 15. O-O Bg4 16. Ne5 Be6 17. Nd3 Bc4 18. Ne5 Be6 19. Nd3 g5 20. d5 cxd5 21. exd5 Nxd5 22. Ne4 Qc7 23. Qxc7 Naxc7 24. Nxg5 Bg8 25. Rc1 e5 26. Rfd1 h6 27. Ne4 Ne6 28. Nec5 Nd4 29. Bf1 b6 30. Nb3 Nxb3 31. axb3 e4 32. Nb4 Nxb4 33. Bxb4 Rfd8 34. Rd6 Bxb3 35. Rc7 Rxd6 36. Bxd6 f3 37. Re7 Rd8 38. Bf4 Rd1 39. Rxe4 fxg2 40. Re8+ Kh7 41. Kxg2 Bd5+ 42. f3 Bxf3+ 43. Kxf3 Rxf1+ 44. Kg4 Kg6 45. Re7 Bxb2 46. Rxa7 Bc3 47. Rc7 h5+ 48. Kh3 Bf6 49. Bg3 Rb1 50. Rc6 Kf5 51. Bf2 b5 52. Rc5+ Kg6 53. Rc6 Rb3+ 54. Kg2 Rb4 55. Be1 Rb2+ 56. Kh3 Rb3+ 57. Kg2 Kg7 58. Rc5 Rb2+ 59. Kh3 b4 60. Bxb4 Rxb4 61. Rxh5 Kg6 62. Rd5 Kf7 63. Rd2 Ke6 64. Re2+ Be5 65. Rf2 Kd5 66. Re2 Rb7 67. Kg4 Rg7+ 68. Kf5 Rf7+ 69. Kg6 Rf6+ 70. Kg5 Ke6 71. h4 Rf8 72. h5 Rg8+ 73. Kh6 Kf5 74. Rf2+ Bf4+ 75. Kh7 Rg5 76. h6 Ke4 77. Kh8 Be5+ 78. Kh7 Kd5 79. Rf6 Rh5 80. Rg6 Rh1 81. Rg5 Ke6 82. Rxe5+ Kxe5 83. Kg7 Rg1+ 84. Kf7 Rh1 85. Kg7 Ke6 86. h7 Rg1+ 87. Kf8 Rh1 88. Kg7 Ke7 89. h8=Q Rxh8 90. Kxh8 1/2-1/2

[Event "Caplin Hastings Masters 2023-24"]
[Site "Hastings"]
[Date "2023.12.31"]
[Round "4.35"]
[White "White, Stuart A"]
[Black "Ruane, Brendan J"]
[Result "1-0"]
[ECO "A21"]
[WhiteElo "2014"]
[BlackElo "1823"]
[Annotator "RC"]
[PlyCount "77"]
[EventDate "2023.12.18"]
[EventType "swiss"]
[EventCountry "ENG"]
[SourceTitle "playchess.com"]
[Source "ChessBase"]
[SourceQuality "1"]
[TimeControl "40/6000+30:3000+30"]

1. c4 Nc6 2. Nc3 g6 3. d4 e5 4. d5 Na5 5. e4 c5 6. f4 f6 7. Nf3 d6 8. Be2 b6 9. a3 Bh6 10. g3 Ne7 11. b4 Nb7 12. h4 O-O 13. h5 Bg7 14. Bd2 a6 15. Qc1 Bd7 16. Rb1 cxb4 17. axb4 Qc7 18. Be3 Rfc8 19. Qd2 Bg4 20. hxg6 hxg6 21. Ng1 Bxe2 22. Ngxe2 Qxc4 23. Bxb6 exf4 24. gxf4 f5 25. e5 dxe5 26. d6 Qc6 27. Qa2+ Kf8 28. dxe7+ Kxe7 29. Nd5+ Kf8 30. Rd1 exf4 31. Nexf4 g5 32. Ne2 Qe6 33. Qd2 f4 34. Bd4 Be5 35. Bxe5 Qxe5 36. Qd4 Qxd4 37. Nxd4 Re8+ 38. Kf2 Rad8 39. Nc7 1-0